 Dungeon Crawl Stone Soup version 0.25-a0-707-g603da07 (webtiles) character file.

Game seed: 9197457920297929265, levelgen mode: deterministic

200 BlueFish the Grave Robber (level 5, 0/38 HPs)
             Began as a Mummy Necromancer on Apr 4, 2020.
             Slain by Sigmund
             ... wielding a +0 scythe
              (6 damage)
             ... on level 4 of the Dungeon.
             The game lasted 00:08:41 (3016 turns).

BlueFish the Grave Robber (Mummy Necromancer)       Turns: 3016, Time: 00:08:42

Health: 0/38       AC:  2    Str: 12    XL:     5   Next: 49%
Magic:  11/11      EV: 12    Int: 15    God:
Gold:   113        SH:  0    Dex: 12    Spells: 7/12 levels left

rFire    . . .     SeeInvis .   c - +0 dagger (freeze)
rCold    . . .     Gourm    .   (no shield)
rNeg     + + +     Faith    .   a - +0 robe
rPois    ∞         Spirit   .   (no helmet)
rElec    .         Reflect  .   (no cloak)
rCorr    .         Harm     .   (no gloves)
MR       .....                  (no boots)
Stlth    +.........             (no amulet)
HPRegen  0.12/turn              e - +5 ring of slaying
MPRegen  0.12/turn              h - ring of fire

@: confused
A: no food or potions, fire vulnerability, cold resistance 1, negative energy
resistance 3, torment resistance, unbreathing
a: no special abilities


You were on level 4 of the Dungeon.
You were not hungry.

You visited 1 branch of the dungeon, and saw 4 of its levels.

You collected 113 gold pieces.

Inventory:

Hand Weapons
 b - a +0 whip
 c - a +0 dagger of freezing (weapon)
Armour
 a - a +0 robe (worn)
Jewellery
 e - a +5 ring of slaying (left hand)
 h - a ring of fire (right hand)
Scrolls
 d - 3 scrolls of remove curse
 f - a scroll of enchant armour
 g - a scroll of amnesia {unknown}


   Skills:
 * Level 1.9 Fighting
 + Level 1.8 Dodging
 + Level 1.6 Stealth
 + Level 4.1 Spellcasting
 * Level 5.6 Necromancy


You had 7 spell levels left.
You knew the following spells:

 Your Spells              Type           Power        Failure   Level  Hunger
a - Vampiric Draining     Necr           ###.......   5%          3    N/A
b - Animate Skeleton      Necr           N/A          1%          1    N/A
s - Pain                  Necr           ###.         1%          1    N/A

Your spell library contained the following spells:

 Spells                   Type           Power        Failure   Level  Hunger
 Animate Dead             Necr           N/A          17%         4    N/A
 Agony                    Necr           ###.....     43%         5    N/A

Dungeon Overview and Level Annotations

Branches:
Dungeon (4/15)
 Temple: D:4-7

Altars:
Cheibriados
Gozag
Qazlal

Annotations:
D:4 Sigmund


Innate Abilities, Weirdness & Mutations

You do not eat or drink.
Your flesh is vulnerable to fire.
You are immune to poison.
Your flesh is cold resistant. (rC+)
You are immune to negative energy. (rN+++)
You are immune to unholy pain and torment.
You can survive without breathing.


Message History

You see here 12 gold pieces.
An ooze comes into view.
Sigmund shouts!
The ooze quivers.
Sigmund misses you.
You hit Sigmund but do no damage. Sigmund casts a spell at you.
You are confused.
Sigmund mumbles some strange words.
Sigmund flickers and vanishes!
Deactivating autopickup; reactivate with Ctrl-A.
You miss something. Something hits you! The ooze closely misses you.
You can't drink.
You're too confused!
You bump into the rock wall.
The ooze hits you. Something hits you!
* * * LOW HITPOINT WARNING * * *
You're too confused to move!
The ooze hits you.
* * * LOW HITPOINT WARNING * * *
You barely miss something. Something hits you.
You die...

..#
##................!.
..#
#..........^...#..#.
..#
#.........$....#..$.
.##...
.............### ...
....$..
............!....
.......
...........[...#..
#......
.....#.........#
#......
.....##J.......#
...... ##.
#@{......... .....
#.............##
##...
####........#..
......##.###
......## ..#
.#####.. .. #. ... .
....


You could see an ooze.

Vanquished Creatures
  A scorpion (D:4)
  An orc wizard (D:3)
  4 adders
  2 oozes
  An adder skeleton (D:4)
  2 worms
  2 dart slugs
  A leopard gecko (D:3)
  12 orcs
  2 giant cockroaches
  6 goblins
  3 hobgoblins
  10 kobolds
  A quokka (D:2)
  6 bats
  3 frilled lizards
  6 rats
63 creatures vanquished.

Notes
Turn   | Place    | Note
-------+----------+-------------------------------------------
     0 | D:1      | BlueFish the Mummy Necromancer began the quest for the Orb.
     0 | D:1      | Reached XP level 1. HP: 13/13 MP: 4/4
     2 | D:1      | Learned a level 1 spell: Animate Skeleton
   350 | D:1      | Reached XP level 2. HP: 19/19 MP: 1/5
   968 | D:2      | Reached XP level 3. HP: 25/25 MP: 2/7
  1019 | D:2      | Learned a level 3 spell: Vampiric Draining
  1030 | D:2      | Found a stormy altar of Qazlal.
  1030 | D:2      | Found a snail-covered altar of Cheibriados.
  1408 | D:2      | Reached skill level 5 in Necromancy
  1820 | D:2      | Found an opulent altar of Gozag.
  1964 | D:3      | Reached XP level 4. HP: 31/31 MP: 7/9
  2555 | D:3      | Reached skill level 1 in Fighting
  2705 | D:3      | Reached XP level 5. HP: 38/38 MP: 10/10
  2911 | D:4      | Noticed an ogre
  3005 | D:4      | Noticed Sigmund
  3016 | D:4      | Slain by Sigmund

Levels and vault maps discovered:
D:1:      lightli_iron_boxes, layout_loops_ring, kennysheep_decorative_pillar
D:2:      layout_loops_ring, gammafunk_temple_overflow_elements,
          marbit_many_paths
D:3:      layout_basic
D:4:      layout_cave_pools, first_ration, uniq_sigmund

Skill      XL: |  1  2  3  4  5 |
---------------+----------------+-----
Spellcasting   | 3 4 |  4.1
Necromancy     | 5 |  5.6
Fighting       | 1 |  1.9
Dodging        | |  1.8
Stealth        | |  1.6

Action                   |  1- 3 |  4- 6 || total
-------------------------+-------+-------++-------
Melee: Unarmed           |     6 |       ||     6
       Whip              |     3 |    24 ||    27
       Dagger            |       |    29 ||    29
 Cast: Pain              |    70 |    31 ||   101
       Animate Skeleton  |     8 |     8 ||    16
       Vampiric Draining |       |     3 ||     3
  Use: Scroll            |     2 |     1 ||     3
Armor: Robe              |     2 |     7 ||     9
Dodge: Dodged            |    20 |    26 ||    46

Table legend:
 A = Non-vault XP
 B = Vault XP
 C = Vault XP percentage of total XP
 D = Non-vault monster count
 E = Vault monster count
 F = Vault count percentage of total count
                 A         B        C        D         E       F
            +---------+---------+-------+---------+---------+-------
      Total |     286 |       1 |   0.3 |      62 |       1 |   1.6
            +---------+---------+-------+---------+---------+-------
        D:1 |      32 |       0 |   0.0 |      16 |       0 |   0.0
        D:2 |      63 |       1 |   1.6 |      13 |       1 |   7.1
        D:3 |     119 |       0 |   0.0 |      31 |       0 |   0.0
        D:4 |      72 |       0 |   0.0 |       2 |       0 |   0.0
            +---------+---------+-------+---------+---------+-------
